 Dungeon Crawl Stone Soup version 0.18.1-50-g88ac8fd (webtiles) character file.

23 Amnesiac the Cutter (level 2, 0/24 HPs)
             Began as a Merfolk Fighter on Mar 10, 2018.
             Slain by a dart slug (1 damage)
             ... on level 1 of the Dungeon.
             The game lasted 00:01:07 (978 turns).

Amnesiac the Cutter (Merfolk Fighter)                Turns: 978, Time: 00:01:08

Health: 0/24       AC:  6    Str: 16    XL:     2   Next: 95%
Magic:  2/2        EV:  6    Int:  7    God:
Gold:   62         SH:  9    Dex: 13    Spells: 0 memorised, 1 level left

rFire  . . .     SeeInvis .     g - -3 spear (curse)
rCold  . . .     Gourm    .     b - +0 scale mail
rNeg   . . .     Faith    .     c - +0 shield
rPois  .         Spirit   .     (no helmet)
rElec  .         Dismiss  .     (no cloak)
rCorr  .         Reflect  .     (no gloves)
SustAt .         Harm     .     (no boots)
MR     .....                    (no amulet)
Stlth  ..........               (no ring)
                                (no ring)

@: not resistant to hostile enchantments, extremely unstealthy
A: change form in water, swift swim
a: no special abilities


You were on level 1 of the Dungeon.
You were not hungry.

You visited 1 branch of the dungeon, and saw 2 of its levels.

You collected 62 gold pieces.

Inventory:

Hand Weapons
 a - a +0 rapier
 g - a cursed -3 spear (weapon)
Armour
 b - a +0 scale mail (worn)
 c - a +0 shield (worn)
Scrolls
 h - a scroll of enchant weapon {!r, unknown}
 i - a scroll of teleportation {!r}
Potions
 d - a potion of might {!q}
 e - 2 potions of agility {!q}
Comestibles
 f - 3 bread rations


   Skills:
 - Level 3.2 Fighting
 + Level 4.1 Short Blades
 - Level 2.1 Armour
 - Level 3.0 Shields


You had one spell level left.
You didn't know any spells.

Dungeon Overview and Level Annotations

Branches:
Dungeon (2/15)

Altars:


Message History

You feel sick. The adder barely misses you.
Found a bread ration.
You feel sick.
A bat comes into view.
Found an escape hatch in the floor.
The bat hits you but does no damage.
A kobold and a dart slug come into view.
The kobold shouts!
The bat hits you but does no damage.
Found a stone staircase leading up.
You feel sick. You block the bat's attack.
The dart slug launches a dart at you. The slug dart hits you!
* * * LOW HITPOINT WARNING * * *
The bat closely misses you. The bat hits you.
* * * LOW HITPOINT WARNING * * *
The bat hits you but does no damage.
You feel sick. The bat hits you but does no damage. You block the bat's attack.
You block the dart slug's attack.
There is a stone staircase leading up here.
You block the bat's attack. x2
The dart slug launches a dart at you. The slug dart hits you!
* * * LOW HITPOINT WARNING * * *
You climb upwards.
There is a stone staircase leading down here.
You hit the dart slug.
The dart slug is moderately wounded.
You block the dart slug's attack.
Drink which item? (? for menu, Esc to quit)
Okay, then.
You hit the dart slug but do no damage.
The dart slug is moderately wounded.
You feel sick.
You are no longer poisoned.
You hit the dart slug.
The dart slug is severely wounded.
The dart slug bites you.
* * * LOW HITPOINT WARNING * * *
You hit the dart slug but do no damage.
The dart slug is severely wounded.
You block the dart slug's attack.
You hit the dart slug.
The dart slug is almost dead.
The dart slug launches a dart at you. You block the slug dart.
You hit the dart slug but do no damage.
The dart slug is almost dead.
The dart slug bites you.
* * * LOW HITPOINT WARNING * * *
You hit the dart slug but do no damage.
The dart slug is almost dead.
The dart slug launches a dart at you. You block the slug dart.
You hit the dart slug but do no damage.
The dart slug is almost dead.
Read which item? (? for menu, Esc to quit)
Okay, then.
You hit the dart slug but do no damage.
The dart slug is almost dead.
The dart slug bites you.
You die...

♣P..♣ ♣P.P♣ ♣..# #.#....#..
♣♣P..♣♣♣P..♣♣♣..########.#.......
P.....P...P..PP..........#.......
....(...........##########.###...
##...###...(....)................
##...# #.###.########.####.....#.
.....# #.# #.#######...#########.
....## #.# #.#..w..#...#.....###.
....####.###.#..@..'...#.....#...
....#......#.#.....##.##.....#...
....#.##.....###'####.####'###...
....#.............##...##........
...÷####..........##...##..((....
...÷.......#.########.####'###.).
###..###.#.#.#.....##.##.....#...
.......#.###.#.....'...+..<..#...
...#...#.....#.....#...#.....#...


You could see a dart slug.

Vanquished Creatures
  A gnoll (D:1)
  A dart slug (D:1)
  A giant gecko (D:1)
  2 goblins (D:1)
  A giant newt (D:1)
  4 kobolds (D:1)
  A rat (D:1)
11 creatures vanquished.

Notes
Turn   | Place    | Note
--------------------------------------------------------------
     0 | D:1      | Amnesiac the Merfolk Fighter began the quest for the Orb.
     0 | D:1      | Reached XP level 1. HP: 18/18 MP: 1/1
   244 | D:1      | Reached skill level 3 in Short Blades
   423 | D:1      | Reached XP level 2. HP: 21/24 MP: 2/2
   787 | D:1      | Reached skill level 4 in Short Blades
   975 | D:1      | HP: 1/24 [dart slug (3)]
   978 | D:1      | Slain by a dart slug

Skill      XL: |  1  2 |
---------------+-------+-----
Short Blades   | 3 4 |  4.1
Fighting       | |  3.2
Armour         | |  2.1
Shields        | |  3.0

Action                   || total
-------------------------++-------
Melee: Spear             ||    69
       Rapier            ||     4
  Use: Scroll            ||     4
Armor: Scale mail        ||    25
Dodge: Dodged            ||    18
Block: Shield            ||    41
